 Dungeon Crawl Stone Soup version 0.30-a0-561-g1b0378597e (webtiles) character file.

Game seed: 13374975631553887390

1588067 EnegeticOcto the Eclecticist (level 27, 205/205 HPs)
             Began as a Djinni Reaver on Dec 28, 2022.
             Was the Champion of Dithmenos.
             Escaped with the Orb
             ... and 3 runes!
             The game lasted 02:36:12 (74156 turns).

EnegeticOcto the Eclecticist (Djinni Reaver)       Turns: 74156, Time: 02:36:13

Health: 205/205    AC: 30    Str: 14 (17) XL:     27
Gold:   5585       EV: 18    Int: 42      God:    Dithmenos [******] SH: 20 Dex: 18 (21)

rFire   + . .      SeeInvis +    v - +8 sling of the Reasonable God {speed, Fragile rElec Will+ Int+8}
rCold   + . .      Faith    .    b - +5 kite shield "Iroof" {*Corrode MP+9 Stlth+}
rNeg    + . .      Spirit   .    h - +2 ice dragon scales
rPois   ∞          Reflect  .    i - +2 helmet
rElec   +          Harm     .    z - +4 dragonskin cloak
rCorr   +          Rampage  .    m - +1 pair of gloves of the Bursted Yeti {Int+4 Dex+3 SInv}
Will    ++++.                    (boots unavailable)
Stlth   ++                       U - amulet of regeneration
HPRegen 1.34/turn                F - ring "Amiesom" {rN+ rCorr Int+6 Dex+3}
MPRegen 0.00/turn                J - +6 ring of strength

@: flying, wreathed by umbra
A: sickness immunity, fire resistance 2, cold vulnerability 1, float, innate
caster, HP casting, extra vitality 1, deterioration 2, dopey 1, strong-willed 1
0: Orb of Zot
}: 3/15 runes: barnacled, abyssal, gossamer
a: Renounce Religion, Shadow Step, Shadow Form


You escaped.
You worshipped Dithmenos.
Dithmenos was exalted by your worship.
You visited 11 branches of the dungeon, and saw 48 of its levels.
You visited the Abyss 1 time.
You also visited: Ossuary, Bailey and Wizlab.

You collected 8825 gold pieces.
You spent 3240 gold pieces at shops.

Inventory:

Hand Weapons
 a - a +7 spectral demon whip
   (You took it off Amaemon on level 9 of the Dungeon)
 v - the +8 sling of the Reasonable God (weapon) {speed, Fragile rElec Will+ Int+8}
   (You found it on level 3 of the Depths)

   Attacks with this weapon are significantly faster.
   Int:       It affects your intelligence (+8).
   rElec:     It insulates you from electricity.
   Fragile:   It will be destroyed if unequipped.
   Will:      It increases your willpower.
 A - a +1 dagger of distortion
   (You took it off Sonja on level 10 of the Dungeon)
 D - the +8 mace of Rurom {spect, rElec rPois Str+2 Stlth-}
   (You found it on level 1 of the Spider Nest)

   When its wielder attacks, the weapon's spirit leaps out and strikes again.
   The spirit shares a part of any damage it takes with its wielder.
   Str:       It affects your strength (+2).
   rElec:     It insulates you from electricity.
   rPois:     It protects you from poison.
   Stlth:     It makes you less stealthy.
Missiles
 p - 14 curare-tipped darts
 R - 5 throwing nets {!f}
Armour
 b - the +5 kite shield "Iroof" (worn) {*Corrode MP+9 Stlth+}
   (You acquired it on level 3 of the Dungeon)

   MP:        It affects your magic capacity (+9).
   *Corrode:  It may corrode you when you take damage.
   Stlth:     It makes you more stealthy.
 h - +2 ice dragon scales (worn)
   (You found it on level 1 of the Depths)
 i - a +2 helmet (worn)
   (You found it on level 2 of the Dungeon)
 m - the +1 pair of gloves of the Bursted Yeti (worn) {Int+4 Dex+3 SInv}
   (You found it on level 3 of the Elven Halls)

   Int:       It affects your intelligence (+4).
   Dex:       It affects your dexterity (+3).
   SInv:      It lets you see invisible.
 z - the +4 dragonskin cloak (worn)
   (You found it on level 5 of the Realm of Zot)

   It grants the wearer a chance to resist fire, cold, poison, electricity,
   acid, and negative energy.
Jewellery
 F - the ring "Amiesom" (left hand) {rN+ rCorr Int+6 Dex+3}
   (You bought it in a shop on level 4 of the Depths)

   [ring of intelligence]

   Int:       It affects your intelligence (+6).
   Dex:       It affects your dexterity (+3).
   rN:        It protects you from negative energy.
   rCorr:     It protects you from acid and corrosion.
 J - a +6 ring of strength (right hand)
   (You found it on level 4 of the Vaults)
 U - an amulet of regeneration (around neck)
   (You found it on level 4 of the Shoals)
Wands
 c - a wand of mindburst (8)
   (You found it on level 3 of the Lair of Beasts)
 t - a wand of paralysis (3)
   (You found it on level 3 of the Elven Halls)
 B - a wand of iceblast (22) {@v2}
   (You found it on level 7 of the Dungeon)
 S - a wand of light (17) {@v1}
   (You took it off an orc wizard on level 9 of the Dungeon)
 T - a wand of digging (11) {@v3}
   (You found it on level 4 of the Shoals)
 X - a wand of polymorph (10)
   (You found it on level 11 of the Dungeon)
Scrolls
 g - 25 scrolls of teleportation {@r3 !r}
 k - 4 scrolls of poison
 l - 7 scrolls of fog {!r}
 q - 4 scrolls of silence {!r}
 x - 4 scrolls of summoning
 y - 5 scrolls of blinking {@r4}
 G - 13 scrolls of immolation
 K - 8 scrolls of vulnerability
 N - 12 scrolls of fear {!r}
 V - 2 scrolls of magic mapping {@r5 !r}
Potions
 d - 11 potions of lignification {@q6}
 e - 2 potions of cancellation
 f - 19 potions of curing {@q1 !q}
 j - 3 potions of invisibility
 n - 11 potions of mutation
 o - 9 potions of haste {@q4 !q}
 s - 5 potions of resistance
 u - 12 potions of heal wounds {@q2 !q}
 C - 7 potions of attraction
 E - 8 potions of brilliance
 H - 6 potions of ambrosia
 Q - 6 potions of berserk rage
 Y - 5 potions of might {@q3 !q}
Miscellaneous
 r - a phantom mirror
   (You found it on level 3 of the Elven Halls)
 I - a lightning rod (4/4)
   (You found it on level 3 of the Elven Halls)
 L - a box of beasts
   (You found it on level 3 of the Elven Halls)
 M - a condenser vane
   (You found it on level 3 of the Elven Halls)
 P - a tin of tremorstones (2/2)
   (You found it on level 5 of the Lair of Beasts)
 Z - a phial of floods
   (You found it on level 4 of the Spider Nest)


   Skills:
 - Level 20.0 Fighting
 - Level 2.6 Long Blades
 - Level 12.0 Maces & Flails
 + Level 16.9 Armour
 - Level 18.0 Dodging
 - Level 6.0 Stealth
 + Level 16.9 Shields
 - Level 20.0 Spellcasting
 - Level 14.0 Invocations
 - Level 10.0 Evocations


You couldn't memorise any spells.
You knew the following spells:

 Your Spells              Type           Power      Damage    Failure   Level
a - Iron Shot             Conj/Erth      59%        9d11      1%          6
b - Ignition              Fire           59%        3d16      4%          8
c - Spellforged Servitor  Conj/Summ      59%        N/A       1%          7
d - Ozocubu's Refrigerat  Ice            59%        4d20      1%          7
e - Portal Projectile     Hex/Tloc       100%       N/A       0%          3
f - Alistair's Intoxicat  Tmut/Pois      79%        N/A       1%          5
g - Momentum Strike       Conj/Tloc      100%       3d10      0%          2
h - Teleport Other        Tloc           100%       N/A       0%          3
i - Summon Hydra          Summ           59%        N/A       1%          7
j - Foxfire               Conj/Fire      100%       2x1d9     0%          1
k - Hailstorm             Conj/Ice       100%       3d20      0%          3
l - Fireball              Conj/Fire      59%        3d23      1%          5
m - Death's Door          Necr           59%        N/A       58%         9
n - Fire Storm            Conj/Fire      59%        8d15      58%         9
u - Kiss of Death         Conj/Necr      100%       2d13      0%          1
Y - Blink                 Tloc           100%       N/A       0%          2
Your spell library was empty.

Dungeon Overview and Level Annotations

Branches:
Dungeon (15/15)            Temple (1/1) D:4            Lair (5/5) D:9
 Shoals (4/4) Lair:2       Spider (4/4) Lair:2        Slime (1/5) Lair:4
    Orc (2/2) D:9             Elf (3/3) Orc:2        Vaults (4/5) D:14
  Crypt (0/3) Vaults:2     Depths (4/4) D:15            Zot (5/5) Depths:4
Ossuary (visited)          Bailey (visited)          WizLab (visited)

Altars:
Ashenzari
Cheibriados
Dithmenos
Elyvilon
Fedhas
Gozag
Hepliaklqana
Makhleb
Nemelex Xobeh
Okawaru
Qazlal
Ru
Trog
Uskayaw
Wu Jian
Xom
Yredelemnul
Zin
The Shining One
Jiyva

Shops:
D:10 (   D:13 (   D:15 *   Orc:2 (*((   Elf:1 !   Elf:2 *   Shoals:1 [
Vaults:1 [   Vaults:3 ?   Depths:3 ?[(   Depths:4 ==:

Portals:
Hell: Depths:1 Depths:2 Depths:3 Depths:4
Abyss: Depths:1 Depths:3
Pandemonium: Depths:2 Depths:3
Ziggurat: Depths:3

Annotations:
D:10 1 runed translucent door, exclusion: door, Decritt's ghost, journeyman DjHW
D:13 2 transporters
D:15 Roxanne
Lair:5 1 runed translucent door, atomjack's ghost, journeyman DsHu
Shoals:2 exclusion: door
Orc:1 2 transporters
Elf:2 5 runed translucent doors, exclusion: 3 doors, bosakos's ghost, adept DECj
Vaults:4 3 runed doors, exclusion: obsidian statue, Gexir's ghost, veteran DjCj


Innate Abilities, Weirdness & Mutations

You are immune to sickness and miasma.
You are immune to poison.
Your flesh is very heat resistant. (rF++)
You are vulnerable to cold. (rC-)
You float through the air rather than walking.
You learn spells naturally, not from books.
Your magical power is your life essence.
You have superior vitality. (+4 MHP)
Your body often deteriorates upon taking damage.
You are dopey. (Int -2)
You are strong-willed. (Will+)


Message History

You fly upwards.
There is a stone staircase leading down here.
There is a stone staircase leading up here.
You fly upwards.
A demonic crawler comes into view.
There is a stone staircase leading down here.
Casting: Iron Shot (mildly dangerous; 1% risk of failure)
Confirm with . or Enter, or press ? or * to list all spells.
Aiming: Iron Shot (mildly dangerous; 1% risk of failure)
Press: ? - help, Shift-Dir - straight line, f - demonic crawler
Aim: a demonic crawler (umbra, 90% to hit)
The iron shot hits the demonic crawler!!!
The demonic crawler is severely wounded.
Casting: Iron Shot (mildly dangerous; 1% risk of failure)
Confirm with . or Enter, or press ? or * to list all spells.
Aiming: Iron Shot (mildly dangerous; 1% risk of failure)
Press: ? - help, Shift-Dir - straight line, f/p - demonic crawler
Aim: a demonic crawler (severely wounded, umbra, 90% to hit)
The iron shot hits the demonic crawler!!!
You kill the demonic crawler!
Dithmenos accepts your kill.
Your shadow mimicks your spell!
(D) Dungeon (T) Temple (L) Lair (A) Shoals (N) Spider Nest (M) Slime Pits (O) Orcish Mines (E) Elven Halls (V) Vaults (C) Crypt (U) Depths (H) Hell (Z) Zot
Where to? (Enter - D:1 @ (x,y), ? - help)
Things that are here:
a +0 robe; a +1 dagger of holy wrath HP restored.
A Brimstone Fiend comes into view.
There is a stone staircase leading up here.
You fly upwards.
There is a stone staircase leading down here.
(D) Dungeon (T) Temple (L) Lair (A) Shoals (N) Spider Nest (M) Slime Pits (O) Orcish Mines (E) Elven Halls (V) Vaults (C) Crypt (U) Depths (H) Hell (Z) Zot
Where to? (Enter - D:1 @ (x,y), ? - help)
There is a stone staircase leading up here.
You fly upwards.
There is a stone staircase leading down here.
A green death comes into view.
Casting: Iron Shot (mildly dangerous; 1% risk of failure)
Confirm with . or Enter, or press ? or * to list all spells.
Aiming: Iron Shot (mildly dangerous; 1% risk of failure)
Press: ? - help, Shift-Dir - straight line, f - green death
Aim: a green death (umbra, 87% to hit)
The iron shot hits the green death!!!
The green death is severely wounded.
Your shadow mimicks your spell!
The shadow shard hits the green death!
Casting: Iron Shot (mildly dangerous; 1% risk of failure)
Confirm with . or Enter, or press ? or * to list all spells.
Aiming: Iron Shot (mildly dangerous; 1% risk of failure)
Press: ? - help, Shift-Dir - straight line, f/p - green death
Aim: a green death (almost dead, umbra, 87% to hit)
The iron shot hits the green death!!!
You kill the green death!
Dithmenos accepts your kill.
(D) Dungeon (T) Temple (L) Lair (A) Shoals (N) Spider Nest (M) Slime Pits (O) Orcish Mines (E) Elven Halls (V) Vaults (C) Crypt (U) Depths (H) Hell (Z) Zot
Where to? (Enter - D:1 @ (x,y), ? - help)
A blizzard demon comes into view.
Casting: Iron Shot (mildly dangerous; 1% risk of failure)
Confirm with . or Enter, or press ? or * to list all spells.
Aiming: Iron Shot (mildly dangerous; 1% risk of failure)
Press: ? - help, Shift-Dir - straight line, f - blizzard demon
Aim: a blizzard demon (umbra, 79% to hit)
The iron shot hits the blizzard demon!!!
You kill the blizzard demon!
Dithmenos accepts your kill.
Your shadow mimicks your spell!
(D) Dungeon (T) Temple (L) Lair (A) Shoals (N) Spider Nest (M) Slime Pits (O) Orcish Mines (E) Elven Halls (V) Vaults (C) Crypt (U) Depths (H) Hell (Z) Zot
Where to? (Enter - D:1 @ (x,y), ? - help)
There is a stone staircase leading up here.
You fly upwards.
There is a stone staircase leading down here.
HP restored.
A ynoxinul comes into view.
Casting: Iron Shot (mildly dangerous; 1% risk of failure)
Confirm with . or Enter, or press ? or * to list all spells.
Aiming: Iron Shot (mildly dangerous; 1% risk of failure)
Press: ? - help, Shift-Dir - straight line, f - ynoxinul
Aim: a ynoxinul (umbra, 79% to hit)
The iron shot hits the ynoxinul!!!
You kill the ynoxinul!
Dithmenos accepts your kill.
(D) Dungeon (T) Temple (L) Lair (A) Shoals (N) Spider Nest (M) Slime Pits (O) Orcish Mines (E) Elven Halls (V) Vaults (C) Crypt (U) Depths (H) Hell (Z) Zot
Where to? (Enter - D:1 @ (x,y), ? - help)
There is a staircase leading out of the dungeon here.
You have escaped!

##.#################### #..#....
#.#....###### #...##~####..#..#.
#.####÷.#.#.###.###....#####..#.
##.#.###..#.....~.....~≈..###..#.
...#.#....##.~~~≈.....~~~~.##....
.....##......)≈≈≈.~~≈.~≈~~..#....
...#..#..~~..≈~~.≈≈≈~..≈≈..##....
...##.##.≈~~~≈~.~~~≈~~...####....
..####.##..~≈≈≈.@.~≈≈~..####.....
..##.##...~≈≈≈≈~~~≈≈≈≈~~.#....#..
#####..#..~≈~≈~~.≈≈≈≈~~..##..##..
####....≈.~~.~≈≈~...###.####.#
#.####...~~.~~~≈~....#..####.#
#..†..#..##.~.....~~...##....#
#.)##...##########...####.....
##.###.## ###.#####..##..... ###
### #...########......


There were no monsters in sight!

Vanquished Creatures
  2 dread liches (Zot:5)
  3 orbs of fire
  2 ancient liches
  A juggernaut (Depths:2)
  Vv (Depths:3)
  A caustic shrike (Depths:1)
  Parghit (Zot:4)
  3 Killer Klowns (Zot:5)
  2 curse toes (Zot:3)
  8 golden dragons
  A bone dragon (Depths:4)
  3 electric golems
  16 tentacled monstrosities
  23 Orb Guardians
  3 liches
  2 walking earthen tomes (Depths:2)
  A titan (Vaults:4)
  3 deep elf blademasters (Elf:3)
  3 deep elf master archers (Elf:3)
  3 quicksilver dragons
  2 sphinxes (Shoals:4)
  5 death cobs
  4 acid blobs (Zot:4)
  Polyphemus (Shoals:1)
  2 tentacled starspawn (Abyss:2)
  2 krakens
  An ancient champion (WizLab)
  Donald (Shoals:4)
  Agnes (Spider:3)
  5 storm dragons
  5 shadow dragons
  2 draconian monks
  6 fire giants
  4 emperor scorpions
  8 deep elf sorcerers (Elf:3)
  4 draconian scorchers
  4 draconian knights
  3 orc warlords
  6 frost giants
  12 vault wardens
  5 draconian shifters
  9 ghost moths
  8 deep elf elementalists
  3 broodmothers
  2 draconian stormcallers
  2 ironbound thunderhulks
  4 spriggan defenders
  25 very ugly things
  11 stone giants
  17 ironbound preservers
  3 war gargoyles (Vaults:2)
  3 draconian annihilators
  4 vampire knights
  7 green draconians
  A starcursed mass (Abyss:2)
  7 deep elf demonologists
  13 white draconians
  7 red draconians
  8 deep elf annihilators (Elf:3)
  Azrael (Spider:1)
  5 black draconians
  2 minotaurs (Shoals:4)
  4 purple draconians
  13 yellow draconians
  Snorg (Lair:4)
  A dire elephant (Vaults:3)
  4 spark wasps
  The ghost of HessuHobo the Fighter, a journeyman GrFi of Zin (Lair:4)
  An eidolon (Abyss:2)
  A green death (D:2)
  7 fire dragons
  2 crystal guardians (Vaults:2)
  3 jiangshi (Depths:1)
  A merfolk impaler (Shoals:1)
  6 deep elf death magi (Elf:3)
  3 merfolk javelineers
  A shambling mangrove (Abyss:3)
  A blizzard demon (D:2)
  4 ettins
  Josephine (D:14)
  5 entropy weavers
  14 yaktaur captains
  3 great orbs of eyes
  7 deep elf high priests
  6 vault guards
  4 rakshasas
  4 peacekeepers (Vaults:2)
  7 ice dragons
  A hell beast (Depths:1)
  8 spriggan air magi
  2 catoblepae
  3 ogre magi
  A ghost crab (Abyss:3)
  Harold (D:10)
  8 centaur warriors
  A nameless horror (Lair:2)
  3 merfolk avatars
  2 hydras
  3 jorogumos
  5 ironbound frosthearts
  A merfolk aquamancer (Shoals:1)
  8 satyrs
  14 two-headed ogres
  A titan zombie (Vaults:4)
  9 deep troll shamans
  10 death yaks
  8 deep troll earth magi
  7 boulder beetles
  4 vampire magi
  A thrashing horror (Abyss:2)
  17 dancing weapons
  3 spriggan berserkers
  4 tengu warriors
  3 orc high priests
  The ghost of M4edhros the Martial Artist, a novice OpAr of Cheibriados (D:9)
  Sonja (D:10)
  13 deep elf knights
  Amaemon (D:9)
  Nergalle (D:10)
  A wretched star (Abyss:2)
  2 fire crabs
  5 iron trolls
  12 hell knights
  3 pharaoh ants
  2 sun moths (Spider:4)
  11 large abominations
  11 sea snakes
  9 skeletal warriors
  A flayed ghost (Depths:1)
  75 deep trolls
  11 orb spiders
  A swamp dragon (Lair:5)
  3 glowing orange brains
  4 phantasmal warriors
  7 steelbarb worms
  12 deep elf archers
  12 wizards
  14 ironbound convokers
  Pikel (D:6)
  13 lindwurms
  19 deep elf zephyrmancers
  34 deep elf pyromancers
  9 necromancers
  A stone giant zombie (Vaults:4)
  27 harpies
  39 ugly things
  25 fauns
  5 cyclopes
  2 oklob plants (Zot:4)
  9 orc knights
  3 tengu skeletons (Vaults:4)
  6 orc sorcerers
  17 wolf spiders
  21 manticores
  A rust devil (D:10)
  2 merfolk sirens
  15 moths of wrath
  19 elephants
  2 torpor snails
  An apocalypse crab (Abyss:3)
  5 black mambas
  16 vault sentinels
  6 water nymphs
  16 cane toads
  2 smoke demons
  2 unseen horrors
  A gargoyle (D:10)
  4 demonic crawlers
  2 orange demons
  10 komodo dragons
  5 rime drakes (Lair:5)
  40 yaktaurs
  2 tengu conjurers
  3 ancient zymes (Abyss:2)
  3 human skeletons (Vaults:4)
  14 merfolk
  2 freezing wraiths
  5 wind drakes
  A queen bee (shapeshifter) (D:14)
  15 trolls
  A troll (shapeshifter) (D:14)
  3 meliai (Spider:3)
  3 polar bears
  A tarantella (shapeshifter) (Depths:3)
  A hornet (shapeshifter) (Depths:2)
  6 hornets
  49 slime creatures
  10 dream sheep (Lair:5)
  Grinder (D:3)
  Prince Ribbit (Bailey)
  19 tarantellas
  12 blink frogs
  2 stone giant simulacra (Vaults:4)
  8 snapping turtles
  16 culicivoras
  An air elemental (Elf:1)
  5 wyverns
  Sigmund (D:6)
  A vampire (D:13)
  19 water elementals
  21 jumping spiders
  4 centaur simulacra (D:9)
  2 spriggans
  2 ynoxinuls
  An elf zombie (Vaults:4)
  7 wraiths
  4 humans (Bailey)
  28 yaks
  2 neqoxecs
  4 chaos spawn
  50 redbacks
  7 fire elementals
  5 basilisks
  8 steam dragons
  8 vampire mosquitoes
  3 wargs
  A swamp worm (shapeshifter) (Depths:3)
  2 acid dragons
  2 two-headed ogre zombies (WizLab)
  4 hell hounds
  9 water moccasins
  A floating eye (Depths:1)
  An ice beast (D:6)
  An ettin simulacrum (Abyss:2)
  30 orc warriors
  2 black bears
  A boggart (Abyss:2)
  25 ogres
  31 wolves
  13 centaurs
  3 phantoms
  A lemure (D:6)
  5 kobold brigands
  24 bullfrogs
  6 gnoll sergeants
  A necrophage (D:5)
  6 earth elementals
  3 scorpions
  3 water moccasin zombies (Ossuary)
  3 troll zombies (WizLab)
  5 wights
  A human simulacrum (Vaults:4)
  3 small abominations (Depths:3)
  5 howler monkeys (D:9)
  3 electric eels
  5 centaur zombies (Ossuary)
  4 hounds
  9 jellies
  5 bullfrog zombies (Ossuary)
  18 orc priests
  A gnoll bouda (D:8)
  6 iguanas
  22 orc wizards
  12 hell rats
  A killer bee zombie (Ossuary)
  A boggart simulacrum (D:9)
  10 mummies
  2 howler monkey zombies (Ossuary)
  34 gnolls
  7 adders
  2 shadow imps
  2 white imps (D:7)
  2 ufetubi
  2 worms
  3 dart slugs
  72 orcs
  11 ball pythons
  9 endoplasms
  3 giant cockroaches (D:1)
  11 goblins
  11 hobgoblins
  15 jackals
  11 bats
  5 frilled lizards
  30 kobolds
  A kobold zombie (D:5)
  An orc zombie (D:5)
  8 rats
  3 starspawn tentacles (Abyss:2)
  2 tentacles (Shoals:4)
2030 creatures vanquished.

Vanquished Creatures (collateral kills)
  A dread lich (Zot:5)
  2 orbs of fire (Zot:5)
  A juggernaut (Depths:3)
  2 Killer Klowns (Zot:5)
  4 tentacled monstrosities
  Rupert (D:14)
  5 Orb Guardians
  A lich (Abyss:3)
  2 acid blobs (Zot:4)
  A sphinx (Depths:3)
  A tentacled starspawn (Abyss:2)
  A shadow dragon (Vaults:4)
  A storm dragon (Zot:5)
  A deep elf sorcerer (Elf:3)
  A draconian knight (Depths:4)
  A draconian monk (Zot:2)
  A cacodemon (Depths:3)
  2 iron dragons
  A vault warden (Vaults:1)
  A frost giant (Depths:1)
  2 draconian shifters (Zot:3)
  An ironbound preserver (Vaults:3)
  An ironbound thunderhulk (Vaults:4)
  2 draconian annihilators (Zot:3)
  A war gargoyle (Vaults:2)
  A stone giant (Depths:4)
  3 very ugly things
  A deep elf demonologist (Vaults:4)
  A white draconian (Zot:5)
  2 black draconians
  A deep elf annihilator (Elf:3)
  A green draconian (Zot:5)
  6 yellow draconians
  5 red draconians
  A spark wasp (Depths:3)
  A purple draconian (Zot:4)
  A crystal guardian (Vaults:2)
  A merfolk impaler (Depths:3)
  3 fire dragons
  A yaktaur captain (Vaults:4)
  A great orb of eyes (Abyss:3)
  A rakshasa (Abyss:3)
  A vault guard (Vaults:1)
  A spriggan air mage (Depths:4)
  4 ice dragons
  An ironbound frostheart (Vaults:2)
  2 deep troll shamans (Depths:4)
  2 deep troll earth magi
  2 spriggan berserkers
  A sun demon (Depths:3)
  4 iron trolls
  2 skeletal warriors (WizLab)
  5 deep trolls
  2 phantasmal warriors (Vaults:4)
  2 lindwurms
  3 ironbound convokers (Vaults:4)
  2 ugly things
  A harpy (Vaults:2)
  A worldbinder (Abyss:3)
  3 moths of wrath
  2 vault sentinels
  A rust devil (Depths:3)
  An apocalypse crab (Abyss:3)
  4 large abominations
  A centaur skeleton (Abyss:3)
  2 yaktaurs
  Maggie (D:9)
  An ancient zyme (Abyss:3)
  4 hellwings (Depths:3)
  A troll (D:9)
  A merfolk (shapeshifter) (Depths:4)
  2 raiju (Abyss:3)
  4 vampires (WizLab)
  A wyvern (D:9)
  A small abomination (Abyss:2)
  A neqoxec (Depths:3)
  8 wights (WizLab)
  7 troll zombies (WizLab)
  12 jellies (Zot:4)
  2 ogre zombies (WizLab)
  10 foxfires
  A starspawn tentacle (Abyss:2)
176 creatures vanquished.

Vanquished Creatures (others)
  A deep elf demonologist (Elf:3)
  A deep elf pyromancer (Elf:1)
  An air elemental (Elf:3)
  A redback (Spider:4)
  2167 foxfires
  26 fungi
  105 plants
  6 starspawn tentacles (Abyss:2)
  12 tentacles
  12 withered plants (Ossuary)
2332 creatures vanquished.

Grand Total: 4538 creatures vanquished

Notes
Turn   | Place    | Note
-------+----------+-------------------------------------------
     0 | D:1      | EnegeticOcto the Djinni Reaver began the quest for the Orb.
     0 | D:1      | EnegeticOcto set off with the following spells memorised:
                  | Kiss of Death, Momentum Strike, Hailstorm.
     0 | D:1      | Reached XP level 1. HP: 18/18 MP: 0/0
    57 | D:1      | Reached skill level 1 in Stealth
   150 | D:1      | Reached XP level 2. HP: 22/23 MP: 0/0
   503 | D:1      | Reached skill level 2 in Stealth
   627 | D:1      | Reached XP level 3. HP: 28/28 MP: 0/0
   627 | D:1      | Learned a level 1 spell: Foxfire
  1202 | D:2      | Reached skill level 3 in Spellcasting
  1205 | D:2      | Reached XP level 4. HP: 24/33 MP: 0/0
  1646 | D:2      | Found a burning altar of Makhleb.
  1992 | D:3      | Reached XP level 5. HP: 37/39 MP: 0/0
  1992 | D:3      | Learned a level 2 spell: Blink
  2082 | D:3      | Identified a scroll of acquirement
  2122 | D:3      | Noticed Grinder
  2195 | D:3      | Killed Grinder
  2196 | D:3      | Reached skill level 4 in Fighting
  2196 | D:3      | Reached skill level 4 in Spellcasting
  2196 | D:3      | Reached XP level 6. HP: 47/47 MP: 0/0
  2334 | D:3      | Found a burning altar of Makhleb.
  2726 | D:4      | Reached XP level 7. HP: 49/52 MP: 0/0
  2726 | D:4      | Learned a level 3 spell: Teleport Other
  2766 | D:4      | Identified the +0 ring mail of the Lotus Blossom {MP+9}
  3146 | D:4      | Found a shimmering altar of Xom.
  3218 | D:4      | Found a stormy altar of Qazlal.
  3249 | D:4      | Found a staircase to the Ecumenical Temple.
  3256 | D:4      | Reached skill level 5 in Spellcasting
  3284 | Temple   | Entered the Ecumenical Temple
  3551 | D:4      | Found a broken altar of Ashenzari.
  3719 | D:5      | Entered Level 5 of the Dungeon
  3771 | D:5      | Found a sand-covered staircase.
  3781 | Ossuary  | Entered an ossuary
  3817 | Ossuary  | Reached skill level 5 in Fighting
  3876 | Ossuary  | Reached XP level 8. HP: 46/59 MP: 0/0
  4071 | Ossuary  | Reached skill level 6 in Spellcasting
  4219 | Ossuary  | Reached skill level 6 in Fighting
  4579 | Ossuary  | Reached skill level 7 in Fighting
  4840 | D:5      | Reached XP level 9. HP: 58/68 MP: 0/0
  4840 | D:5      | Learned a level 3 spell: Portal Projectile
  5001 | D:5      | Reached skill level 8 in Fighting
  5480 | D:5      | Reached skill level 3 in Stealth
  5544 | D:5      | Found an opulent altar of Gozag.
  5718 | D:6      | Reached skill level 4 in Stealth
  6104 | D:6      | Reached skill level 9 in Fighting
  6167 | D:6      | Noticed Pikel
  6228 | D:6      | Killed Pikel
  6229 | D:6      | Reached skill level 10 in Fighting
  6229 | D:6      | Reached XP level 10. HP: 51/80 MP: 0/0
  6230 | D:6      | Noticed Sigmund
  6235 | D:6      | Killed Sigmund
  6819 | D:7      | Noticed an unseen horror
  6827 | D:7      | Killed an unseen horror
  6828 | D:7      | Reached skill level 7 in Spellcasting
  6828 | D:7      | Reached skill level 3 in Dodging
  6830 | D:7      | Reached skill level 4 in Dodging
  6942 | D:7      | Reached skill level 5 in Dodging
  6948 | D:7      | Reached skill level 1 in Armour
  6953 | D:7      | Reached skill level 2 in Armour
  7299 | D:7      | Reached skill level 3 in Armour
  7583 | D:7      | Found a hide-covered altar of Uskayaw.
  7625 | D:7      | Acquired the +5 kite shield "Iroof" {*Corrode MP+9 Stlth+}
  7659 | D:8      | Reached skill level 1 in Shields
  7663 | D:8      | Reached skill level 4 in Armour
  7911 | D:8      | Reached skill level 2 in Shields
  7990 | D:8      | Reached skill level 3 in Shields
  8128 | D:8      | Noticed a manticore
  8128 | D:8      | Noticed a centaur warrior
  8185 | D:8      | Reached skill level 4 in Shields
  8195 | D:8      | Reached XP level 11. HP: 50/85 MP: 0/0
  8195 | D:8      | Learned a level 5 spell: Alistair's Intoxication
  8450 | D:8      | Reached skill level 5 in Shields
  8503 | D:8      | Noticed a centaur warrior
  8524 | D:8      | Killed a centaur warrior
  8525 | D:8      | Reached skill level 6 in Shields
  8731 | D:8      | Noticed a brown ugly thing
  8770 | D:8      | Killed a brown ugly thing
  8771 | D:8      | Reached skill level 7 in Shields
  8973 | D:8      | Noticed a manticore
  9176 | D:8      | Killed a manticore
  9290 | D:8      | Killed a manticore
  9416 | D:8      | Killed a centaur warrior
  9752 | D:8      | Reached skill level 8 in Shields
 10001 | D:9      | Noticed Maggie
 10010 | D:9      | Killed Maggie
 10210 | D:9      | Reached skill level 8 in Spellcasting
 10272 | D:9      | Noticed Amaemon
 10287 | D:9      | Killed Amaemon
 10333 | D:9      | Reached skill level 9 in Shields
 10333 | D:9      | Reached XP level 12. HP: 20/91 MP: 0/0
 10812 | D:9      | Found a staircase to the Lair.
 11051 | D:9      | Found a runed translucent gate.
 11051 | D:9      | Found a runed translucent gate.
 11051 | D:9      | Found a runed translucent gate.
 11052 | D:9      | Noticed M4edhros's ghost (novice OpAr)
 11147 | D:9      | Reached skill level 1 in Maces & Flails
 11179 | D:9      | Found a staircase to the Orcish Mines.
 11503 | D:10     | Entered Level 10 of the Dungeon
 11562 | D:10     | Noticed a two-headed ogre
 11568 | D:10     | Killed a two-headed ogre
 11569 | D:10     | Reached skill level 2 in Maces & Flails
 11570 | D:10     | Found Aluocy's Antique Weapon Shoppe.
 11571 | D:10     | Found a flagged portal.
 11677 | Bailey   | Entered a bailey
 12027 | Bailey   | Noticed Prince Ribbit
 12035 | Bailey   | Killed Prince Ribbit
 12118 | Bailey   | Noticed a vault guard
 12132 | Bailey   | Killed a vault guard
 12133 | Bailey   | Reached skill level 3 in Maces & Flails
 12208 | Bailey   | Noticed a vault guard
 12231 | Bailey   | Killed a vault guard
 12232 | Bailey   | Reached skill level 10 in Shields
 12401 | D:10     | Noticed Sonja
 12408 | D:10     | Killed Sonja
 12409 | D:10     | Reached skill level 9 in Spellcasting
 12488 | D:10     | Found a runed translucent door.
 12822 | D:10     | Noticed Nergalle
 12834 | D:10     | Killed Nergalle
 12835 | D:10     | Reached skill level 4 in Maces & Flails
 13277 | D:10     | Noticed Harold
 13283 | D:10     | Killed Harold
 13455 | D:10     | Noticed Decritt's ghost (journeyman DjHW)
 13506 | Lair:1   | Entered Level 1 of the Lair of Beasts
 13506 | Lair:1   | You are sucked into a shaft and drop 1 floor!
 13578 | Lair:2   | Reached skill level 5 in Maces & Flails
 13578 | Lair:2   | Reached XP level 13. HP: 85/96 MP: 0/0
 13578 | Lair:2   | Learned a level 5 spell: Fireball
 13685 | Lair:2   | Found a staircase to the Shoals.
 13762 | Lair:2   | Reached skill level 10 in Spellcasting
 13879 | Lair:2   | Reached skill level 6 in Maces & Flails
 14170 | Lair:2   | Found a hole to the Spider Nest.
 14178 | Lair:2   | Reached skill level 7 in Maces & Flails
 14842 | Lair:1   | Reached skill level 8 in Maces & Flails
 15884 | Lair:3   | Reached skill level 9 in Maces & Flails
 16811 | Lair:4   | Reached XP level 14. HP: 86/103 MP: 0/0
 16812 | Lair:4   | Reached skill level 10 in Maces & Flails
 17121 | Lair:4   | Found a runed translucent door.
 17139 | Lair:4   | Noticed HessuHobo's ghost (journeyman GrFi)
 17151 | Lair:4   | Noticed Snorg
 17159 | Lair:4   | Identified the +10 hand axe of Brutal Revenge {freeze, MP+9
                  | Int+6 Dex+3 Stlth+}
 17169 | Lair:4   | Killed Snorg
 17170 | Lair:4   | Reached skill level 11 in Maces & Flails
 17824 | Lair:4   | Found a runed translucent door.
 17825 | Lair:4   | Found a staircase to the Slime Pits.
 17882 | Lair:4   | Reached skill level 1 in Evocations
 18123 | Lair:4   | Killed HessuHobo's ghost
 18129 | Lair:4   | Identified the ring of Qangux {Wiz rPois}
 18150 | Lair:5   | Entered Level 5 of the Lair of Beasts
 18155 | Lair:5   | Reached skill level 2 in Evocations
 18229 | Lair:5   | Reached skill level 3 in Evocations
 18319 | Lair:5   | Reached skill level 12 in Maces & Flails
 18368 | Lair:5   | Reached skill level 4 in Evocations
 18563 | Lair:5   | Reached skill level 11 in Fighting
 18675 | Lair:5   | Reached XP level 15. HP: 111/111 MP: 0/0
 18675 | Lair:5   | Learned a level 6 spell: Iron Shot
 18881 | Lair:5   | Found a runed translucent door.
 18893 | Lair:5   | Found a shimmering altar of Xom.
 18893 | Lair:5   | Noticed atomjack's ghost (journeyman DsHu)
 19660 | Lair:5   | Reached skill level 12 in Fighting
 19728 | Lair:5   | Identified the +1 chain mail "Vibbesig" {Fly rF+ Str-3
                  | Stlth+}
 20399 | D:11     | You are sucked into a shaft and drop 3 floors!
 21073 | D:12     | Reached skill level 11 in Spellcasting
 21093 | D:12     | Found a broken altar of Ashenzari.
 21979 | D:11     | Reached skill level 13 in Fighting
 22131 | D:13     | Found a sparkling altar of Nemelex Xobeh.
 22561 | D:13     | Found a transporter.
 22658 | D:13     | Found a transporter.
 22750 | D:13     | Found Bofemeh's Antique Weapon Shop.
 23050 | D:9      | Killed M4edhros's ghost
 23054 | D:9      | Identified the ring of Liaklathio {Fire MP+9 Int+4}
 23183 | Orc:1    | Entered Level 1 of the Orcish Mines
 23568 | Orc:1    | Found a bloodstained altar of Trog.
 23568 | Orc:1    | Found the necklace of Bloodlust {*Rage Will++ Int-3 Slay+6}
 23602 | Orc:2    | Entered Level 2 of the Orcish Mines
 23701 | Orc:2    | Found a staircase to the Elven Halls.
 23934 | Orc:1    | Found a transporter.
 24036 | Orc:1    | Found a transporter.
 24119 | Orc:2    | Found Caruj's Weapon Boutique.
 24128 | Orc:2    | Reached XP level 16. HP: 111/122 MP: 0/0
 24141 | Orc:2    | Reached skill level 14 in Fighting
 24156 | Orc:2    | Reached skill level 12 in Spellcasting
 24257 | Orc:2    | Found Waigin's Weapon Emporium.
 24258 | Orc:2    | Found Larchosm's General Store.
 24266 | Orc:2    | Found Coiwkite's Antique Weapon Boutique.
 24769 | D:14     | Noticed Rupert
 24829 | D:14     | Noticed Josephine
 24836 | D:14     | Killed Josephine
 25754 | D:15     | Entered Level 15 of the Dungeon
 26007 | D:15     | Reached skill level 13 in Spellcasting
 26131 | D:15     | Found a staircase to the Depths.
 26225 | D:15     | Found Xoonashru's General Store.
 26233 | D:15     | Bought a potion of invisibility for 112 gold pieces
 26510 | D:15     | Identified Roxanne's Volume of Grit
 26510 | D:15     | Noticed Roxanne
 26895 | Shoals:1 | Entered Level 1 of the Shoals
 27171 | Shoals:1 | Reached XP level 17. HP: 88/129 MP: 0/0
 27171 | Shoals:1 | Learned a level 7 spell: Summon Hydra
 27438 | Shoals:1 | Reached skill level 14 in Spellcasting
 27746 | Shoals:1 | Found Nidasuho's Armour Shop.
 27937 | Shoals:2 | Noticed Polyphemus
 28150 | Shoals:1 | HP: 3/129 [Polyphemus/large rock (44)]
 28300 | Shoals:1 | Killed Polyphemus
 29679 | Shoals:3 | Reached skill level 11 in Shields
 30496 | Shoals:4 | Entered Level 4 of the Shoals
 30541 | Shoals:4 | Reached skill level 15 in Fighting
 31060 | Shoals:4 | Noticed Donald
 31094 | Shoals:4 | Killed Donald
 33153 | Shoals:4 | Reached XP level 18. HP: 130/138 MP: 0/0
 33192 | Shoals:4 | Noticed a kraken
 33209 | Shoals:4 | Killed a kraken
 33708 | Shoals:4 | Reached skill level 12 in Shields
 33911 | Shoals:4 | Got a barnacled rune of Zot
 34325 | Spider:1 | Entered Level 1 of the Spider Nest
 34532 | Spider:1 | Reached skill level 15 in Spellcasting
 34695 | Spider:1 | Identified the +8 mace of Rurom {spect, rElec rPois Str+2
                  | Stlth-}
 35395 | Spider:1 | Reached skill level 16 in Fighting
 35579 | Spider:2 | Reached skill level 13 in Shields
 35991 | Spider:2 | Noticed Azrael
 36035 | Spider:1 | Killed Azrael
 37114 | Spider:3 | Identified the +7 great sword "Ruzasuf" {flame, rN++ Int-3
                  | Dex+4}
 37326 | Spider:4 | Entered Level 4 of the Spider Nest
 37370 | Spider:4 | Reached XP level 19. HP: 105/147 MP: 0/0
 37370 | Spider:4 | Learned a level 7 spell: Ozocubu's Refrigeration
 37452 | Spider:4 | Reached skill level 14 in Shields
 37454 | Spider:4 | Noticed Agnes
 37507 | Spider:3 | Killed Agnes
 37508 | Spider:3 | Reached skill level 17 in Fighting
 38792 | Spider:4 | Reached skill level 18 in Fighting
 38998 | Spider:4 | Reached skill level 6 in Dodging
 39384 | Spider:4 | Reached skill level 7 in Dodging
 39938 | Spider:4 | Got a gossamer rune of Zot
 40229 | Slime:1  | Entered Level 1 of the Pits of Slime
 40565 | Temple   | Became a worshipper of Dithmenos the Shadowed
 40757 | Elf:1    | Entered Level 1 of the Elven Halls
 40764 | Elf:1    | Reached skill level 8 in Dodging
 41775 | Elf:1    | Reached * piety under Dithmenos
 42125 | Elf:1    | Found Atonwuy's Distillery.
 42133 | Elf:1    | Bought a potion of heal wounds for 95 gold pieces
 42158 | Elf:1    | Gained mutation: Your movements are slightly less
                  | encumbered by armour. (ER -2) [potion of mutation]
 42158 | Elf:1    | Gained mutation: Potions are less effective at restoring
                  | your health. [potion of mutation]
 42159 | Elf:1    | Lost mutation: Potions are less effective at restoring your
                  | health. [potion of mutation]
 42159 | Elf:1    | Lost mutation: Your movements are slightly less encumbered
                  | by armour. (ER -2) [potion of mutation]
 42159 | Elf:1    | Gained mutation: You have supernaturally acute eyesight.
                  | (SInv) [potion of mutation]
 42342 | Elf:1    | Reached ** piety under Dithmenos
 42421 | Elf:1    | Reached XP level 20. HP: 147/157 MP: 0/0
 42474 | Elf:1    | Reached skill level 16 in Spellcasting
 42761 | Elf:2    | Noticed bosakos's ghost (adept DECj)
 42761 | Elf:2    | Found a runed translucent gate.
 42761 | Elf:2    | Found a runed translucent gate.
 42761 | Elf:2    | Found a runed translucent gate.
 42767 | Elf:2    | Found a viscous altar of Jiyva.
 42880 | Elf:2    | Found Ilelleos's Assorted Antiques.
 42893 | Elf:2    | Bought a potion of heal wounds for 150 gold pieces
 43102 | Elf:2    | Reached *** piety under Dithmenos
 43329 | Elf:2    | Found a runed translucent door.
 43353 | Elf:2    | Found a runed translucent door.
 43518 | Elf:3    | Entered Level 3 of the Elven Halls
 44730 | Elf:3    | Reached skill level 17 in Spellcasting
 45038 | Elf:3    | Identified the amulet of Polytheism {Spirit rElec}
 45216 | Elf:3    | Identified the ring "Qeninagh" {Fly Int+6}
 46787 | Elf:3    | Identified the +6 halberd of Fear {heavy, rF++}
 46787 | Elf:3    | Identified the ring of Weisay {Ice rN+ Slay+5}
 47113 | Elf:3    | Identified the +4 chain mail of Misanthropy {Int+4}
 47859 | Elf:3    | Found the +3 greatsling "Punk" {acid, rCorr}
 47991 | Elf:3    | Reached XP level 21. HP: 130/163 MP: 0/0
 47991 | Elf:3    | Learned a level 7 spell: Spellforged Servitor
 48008 | Elf:3    | Reached **** piety under Dithmenos
 48009 | Elf:3    | Reached skill level 18 in Spellcasting
 48073 | Elf:3    | Identified the +0 robe "Qyheisk" {rN+}
 48078 | Elf:3    | Reached skill level 1 in Invocations
 48220 | Elf:3    | Identified the +6 long sword of Qarogit {heavy, rC+ rN+
                  | Str+4}
 48223 | Abyss:2  | Cast into level 2 of the Abyss (a deep elf sorcerer)
 48427 | Abyss:2  | Reached skill level 2 in Invocations
 48511 | Abyss:2  | Noticed a bone dragon
 48554 | Abyss:2  | Found a large runed door.
 48554 | Abyss:2  | Found a huge runed gate.
 48554 | Abyss:2  | Found a large runed door.
 48554 | Abyss:2  | Found a huge runed gate.
 48554 | Abyss:2  | Found a large runed door.
 48554 | Abyss:2  | Found a huge runed gate.
 48555 | Abyss:2  | Found a large runed door.
 48560 | Abyss:2  | Found a huge runed gate.
 48561 | Abyss:2  | Found a huge runed gate.
 48561 | Abyss:2  | Found a huge runed gate.
 48575 | Abyss:2  | Found a huge runed gate.
 48583 | Abyss:2  | Reached skill level 5 in Armour
 48584 | Abyss:2  | Found a huge runed gate.
 48584 | Abyss:2  | Found a huge runed gate.
 48584 | Abyss:2  | Found a huge runed gate.
 48584 | Abyss:2  | Found a huge runed gate.
 48589 | Abyss:2  | Found a huge runed gate.
 48589 | Abyss:2  | Found a huge runed gate.
 48589 | Abyss:2  | Found a huge runed gate.
 48620 | Abyss:2  | Found a huge runed gate.
 48621 | Abyss:2  | Found a huge runed gate.
 48622 | Abyss:2  | Found a huge runed gate.
 48630 | Abyss:2  | Found a huge runed gate.
 48630 | Abyss:2  | Found a huge runed gate.
 48630 | Abyss:2  | Found a huge runed gate.
 48630 | Abyss:2  | Found a huge runed gate.
 48631 | Abyss:2  | Found a huge runed gate.
 48632 | Abyss:2  | Found a huge runed gate.
 48634 | Abyss:2  | Found a huge runed gate.
 48636 | Abyss:2  | Found a huge runed gate.
 48641 | Abyss:2  | Found a huge runed gate.
 48641 | Abyss:2  | Found a huge runed gate.
 48641 | Abyss:2  | Found a huge runed gate.
 48641 | Abyss:2  | Found a huge runed gate.
 48641 | Abyss:2  | Found a huge runed gate.
 48652 | Abyss:2  | Found a runed translucent gate.
 48652 | Abyss:2  | Found a runed translucent gate.
 48652 | Abyss:2  | Found a runed translucent gate.
 48674 | Abyss:2  | Reached skill level 5 in Evocations
 48752 | Abyss:3  | Reached skill level 3 in Invocations
 48829 | Abyss:3  | Reached ***** piety under Dithmenos
 48842 | Abyss:3  | Got an abyssal rune of Zot
 48855 | Abyss:3  | Noticed a bone dragon
 48860 | Elf:3    | Escaped the Abyss
 48877 | Elf:3    | Identified the amulet of Tavo {Acrobat Int+2}
 48882 | Elf:3    | Reached skill level 4 in Invocations
 49051 | Elf:3    | Reached skill level 6 in Armour
 49051 | Elf:3    | Reached skill level 6 in Evocations
 49143 | Elf:3    | Identified the +1 pair of gloves of the Bursted Yeti {Int+4
                  | Dex+3 SInv}
 49504 | Depths:1 | Entered Level 1 of the Depths
 49848 | Depths:1 | Found a one-way gate to the infinite horrors of the Abyss.
 50298 | Depths:1 | Reached skill level 5 in Invocations
 50408 | Depths:1 | Found a gateway to Hell.
 50744 | Depths:1 | Reached skill level 7 in Armour
 50751 | Depths:1 | Reached skill level 7 in Evocations
 50890 | Depths:1 | Noticed a caustic shrike
 50892 | Depths:1 | Reached XP level 22. HP: 148/169 MP: 0/0
 50898 | Depths:1 | Killed a caustic shrike
 51059 | Depths:1 | Reached skill level 6 in Invocations
 51604 | Depths:2 | Identified the +9 scimitar of the Equinox {speed, Int+9}
 51608 | Depths:2 | Reached skill level 8 in Armour
 51608 | Depths:2 | Reached skill level 8 in Evocations
 52145 | Depths:2 | Reached skill level 7 in Invocations
 52402 | Depths:2 | Reached ****** piety under Dithmenos
 52589 | Depths:2 | Found a one-way gate leading to the halls of Pandemonium.
 53008 | Depths:2 | Reached skill level 9 in Evocations
 53080 | Depths:2 | Reached skill level 8 in Invocations
 53296 | Depths:2 | Noticed a juggernaut
 53305 | Depths:2 | Killed a juggernaut
 53419 | Depths:2 | Identified the +5 dagger of Penaar {flame, rF+ rC++ Stlth+}
 53745 | Depths:3 | Reached skill level 19 in Spellcasting
 54113 | Depths:3 | Found Topiuch's Weapon Boutique.
 54239 | Depths:3 | Identified the +8 sling of the Reasonable God {speed,
                  | Fragile rElec Will+ Int+8}
 54262 | Depths:3 | Reached XP level 23. HP: 140/175 MP: 0/0
 54262 | Depths:3 | Learned a level 8 spell: Ignition
 54316 | Depths:3 | Found Myhu's Armour Shoppe.
 54416 | Depths:3 | Reached skill level 9 in Invocations
 54442 | Depths:3 | Reached skill level 10 in Evocations
 54524 | Depths:3 | Noticed Vv
 54621 | Depths:3 | Found Dadae's Magic Scroll Shoppe.
 54627 | Depths:3 | Bought a scroll of teleportation for 36 gold pieces
 54627 | Depths:3 | Bought a scroll of enchant armour for 90 gold pieces
 54661 | Depths:3 | Killed Vv
 54970 | Depths:3 | Noticed a juggernaut
 54976 | Depths:3 | Killed a juggernaut
 54977 | Depths:3 | Reached skill level 10 in Invocations
 55090 | Depths:3 | Found a one-way gateway to a ziggurat.
 55550 | Depths:4 | Entered Level 4 of the Depths
 55594 | Depths:4 | Reached skill level 11 in Invocations
 55676 | Depths:4 | Found a magical portal.
 55688 | WizLab   | Entered Zonguldrok's Shrine
 56077 | WizLab   | Noticed an antique lich
 56088 | WizLab   | Killed an antique lich
 56109 | WizLab   | Identified the +10 double sword of Welfare {pain, rCorr}
 56404 | Depths:4 | Identified the +3 chain mail of Gok Mobb {rF+ Regen+}
 56488 | Depths:4 | Found Huijiv's Book Shoppe.
 56489 | Depths:4 | Found Qipsen's Jewellery Boutique.
 56489 | Depths:4 | Found Cotus's Jewellery Boutique.
 56499 | Depths:4 | Bought the ring "Amiesom" {rN+ rCorr Int+6 Dex+3} for 945
                  | gold pieces
 56583 | Depths:4 | Reached skill level 12 in Invocations
 56621 | Depths:4 | Found a shadowy altar of Dithmenos.
 56756 | Depths:4 | Reached skill level 20 in Spellcasting
 56759 | Depths:4 | Reached XP level 24. HP: 139/181 MP: 0/0
 57292 | Depths:4 | Noticed a golden dragon
 57298 | Depths:4 | Killed a golden dragon
 57371 | Depths:4 | Found a gate to the Realm of Zot.
 58006 | D:14     | Found a gate to the Vaults.
 58009 | D:14     | Killed Rupert
 58016 | D:14     | Reached skill level 19 in Fighting
 58090 | Vaults:1 | Entered Level 1 of the Vaults
 58201 | Vaults:1 | Found Fuzaof's Antique Armour Emporium.
 58213 | Vaults:1 | Bought a transparent ring mail for 405 gold pieces
 58213 | Vaults:1 | Identified the +0 ring mail of Good Intentions {rElec} (You
                  | bought it in a shop on level 1 of the Vaults)
 58847 | Vaults:1 | Reached skill level 20 in Fighting
 59020 | Vaults:1 | Reached skill level 9 in Armour
 59384 | Vaults:2 | Reached skill level 10 in Armour
 59517 | Vaults:2 | You are sucked into a shaft and drop 1 floor!
 59524 | Vaults:3 | Reached skill level 11 in Armour
 59630 | Vaults:3 | Reached XP level 25. HP: 148/193 MP: 0/0
 59630 | Vaults:3 | Learned a level 9 spell: Death's Door
 59904 | Vaults:3 | Found Cuirch's Magic Scroll Emporium.
 59913 | Vaults:3 | Bought 2 scrolls of acquirement for 1144 gold pieces
 59913 | Vaults:3 | Acquired 1084 gold pieces
 59914 | Vaults:3 | Acquired 721 gold pieces
 59916 | Vaults:3 | Bought a scroll of blinking for 82 gold pieces
 59916 | Vaults:3 | Bought a scroll of brand weapon for 104 gold pieces
 59916 | Vaults:3 | Bought a scroll of fear for 44 gold pieces
 59916 | Vaults:3 | Bought a scroll of teleportation for 33 gold pieces
 59957 | Vaults:3 | Reached skill level 9 in Dodging
 60193 | Vaults:3 | Reached skill level 12 in Armour
 60509 | Vaults:3 | Reached skill level 10 in Dodging
 60613 | Vaults:3 | Identified the +2 chain mail "Jeymn" {+Inv Regen+ Int+7
                  | SInv}
 61244 | Vaults:4 | Reached skill level 11 in Dodging
 61245 | Vaults:4 | Reached skill level 13 in Armour
 61432 | Vaults:4 | Found a huge runed gate.
 61432 | Vaults:4 | Found a huge runed gate.
 61432 | Vaults:4 | Found a huge runed gate.
 61432 | Vaults:4 | Found a huge runed gate.
 61432 | Vaults:4 | Found a huge runed gate.
 61432 | Vaults:4 | Found a huge runed gate.
 61433 | Vaults:4 | Found a huge runed gate.
 61433 | Vaults:4 | Found a huge runed gate.
 61433 | Vaults:4 | Found a huge runed gate.
 61433 | Vaults:4 | Found a huge runed gate.
 61436 | Vaults:4 | Found a huge runed gate.
 61436 | Vaults:4 | Found a huge runed gate.
 61436 | Vaults:4 | Found a huge runed gate.
 61436 | Vaults:4 | Found a huge runed gate.
 61436 | Vaults:4 | Found a huge runed gate.
 61436 | Vaults:4 | Found a huge runed gate.
 61437 | Vaults:4 | Found a huge runed gate.
 61438 | Vaults:4 | Found a huge runed gate.
 61439 | Vaults:4 | Found a huge runed gate.
 61447 | Vaults:4 | Found a huge runed gate.
 61447 | Vaults:4 | Found a huge runed gate.
 61447 | Vaults:4 | Found a huge runed gate.
 61447 | Vaults:4 | Found a huge runed gate.
 61447 | Vaults:4 | Found a huge runed gate.
 61447 | Vaults:4 | Found a huge runed gate.
 61448 | Vaults:4 | Found a huge runed gate.
 61449 | Vaults:4 | Found a huge runed gate.
 61450 | Vaults:4 | Found a huge runed gate.
 61458 | Vaults:4 | Found a huge runed gate.
 61458 | Vaults:4 | Found a huge runed gate.
 61458 | Vaults:4 | Found a huge runed gate.
 61458 | Vaults:4 | Found a huge runed gate.
 61458 | Vaults:4 | Found a huge runed gate.
 61458 | Vaults:4 | Found a huge runed gate.
 61459 | Vaults:4 | Found a huge runed gate.
 61460 | Vaults:4 | Found a huge runed gate.
 61918 | Vaults:4 | Reached skill level 12 in Dodging
 62083 | Vaults:4 | Identified the +10 sling of Lies {drain, Fly}
 62106 | Vaults:4 | Found a runed translucent gate.
 62106 | Vaults:4 | Found a runed translucent gate.
 62106 | Vaults:4 | Found an opulent altar of Gozag.
 62106 | Vaults:4 | Found a runed translucent gate.
 62108 | Vaults:4 | Noticed Gexir's ghost (veteran DjCj)
 62457 | Vaults:4 | Reached skill level 14 in Armour
 62575 | Vaults:4 | Identified the amulet "Jepacluwi" {Spirit rElec rF+}
 62737 | Vaults:2 | Reached skill level 5 in Stealth
 62813 | Vaults:2 | Reached XP level 26. HP: 193/200 MP: 0/0
 62978 | Vaults:2 | Found a staircase to the Crypt.
 63297 | Vaults:2 | Reached skill level 6 in Stealth
 63392 | Vaults:2 | Identified the +1 storm dragon scales of the Elven Halls
                  | {Rampage +Blink rElec rPois Slay-2}
 63396 | Vaults:2 | Reached skill level 13 in Invocations
 63905 | Zot:1    | Entered Level 1 of the Realm of Zot
 64496 | Zot:2    | Reached skill level 14 in Invocations
 64634 | Zot:3    | Noticed a curse toe
 64634 | Zot:3    | Noticed a curse toe
 64641 | Zot:3    | Killed a curse toe
 64647 | Zot:3    | Killed a curse toe
 64814 | Zot:3    | Reached skill level 13 in Dodging
 65148 | Zot:3    | Reached skill level 14 in Dodging
 65633 | Zot:3    | Reached skill level 15 in Dodging
 66247 | Zot:4    | Noticed Parghit
 66249 | Zot:4    | Reached skill level 16 in Dodging
 66253 | Zot:4    | Killed Parghit
 66287 | Zot:4    | Noticed an orb of fire
 66296 | Zot:4    | Killed an orb of fire
 66369 | Zot:4    | Reached XP level 27. HP: 175/205 MP: 0/0
 66369 | Zot:4    | Learned a level 9 spell: Fire Storm
 66495 | Zot:4    | Reached skill level 17 in Dodging
 67383 | Zot:5    | Entered Level 5 of the Realm of Zot
 67459 | Zot:5    | Reached skill level 18 in Dodging
 67461 | Zot:5    | Found the +4 dragonskin cloak
 67461 | Zot:5    | Noticed Tiamat
 67622 | Zot:5    | Tiamat changed into Tiamat the golden dragon
 67622 | Zot:5    | Noticed Tiamat
 67625 | Zot:5    | Killed Tiamat the golden dragon
 67843 | Zot:5    | Identified the amulet "Jengavvo" {RegenMP rF++}
 68535 | Zot:5    | Noticed a dread lich
 68539 | Zot:5    | Killed a dread lich
 69609 | Zot:5    | Noticed a dread lich
 69612 | Zot:5    | Killed a dread lich
 69694 | Zot:5    | Reached skill level 15 in Armour
 69694 | Zot:5    | Reached skill level 15 in Shields
 70167 | Zot:5    | Noticed an orb of fire
 70174 | Zot:5    | Killed an orb of fire
 70789 | Zot:5    | Noticed a Killer Klown
 70795 | Zot:5    | Killed a Killer Klown
 71729 | Zot:5    | Noticed a Killer Klown
 71744 | Zot:5    | Killed a Killer Klown
 72278 | Zot:5    | Noticed a Killer Klown
 72279 | Zot:5    | Noticed a dread lich
 72284 | Zot:5    | Killed a Killer Klown
 72287 | Zot:5    | Noticed an ancient lich
 72290 | Zot:5    | Killed a dread lich
 72293 | Zot:5    | Killed an ancient lich
 72293 | Zot:5    | Noticed an orb of fire
 72296 | Zot:5    | Gained mutation: You are very vulnerable to cold. (rC--)
                  | [an orb of fire]
 72298 | Zot:5    | Killed an orb of fire
 72375 | Zot:5    | Lost mutation: You are very vulnerable to cold. (rC--)
                  | [potion of mutation]
 72375 | Zot:5    | Lost mutation: You have supernaturally acute eyesight.
                  | (SInv) [potion of mutation]
 72375 | Zot:5    | Gained mutation: Your body sometimes deteriorates upon
                  | taking damage. [potion of mutation]
 72375 | Zot:5    | Gained mutation: You are strong-willed. (Will+) [potion of
                  | mutation]
 72379 | Zot:5    | Noticed an orb of fire
 72381 | Zot:5    | Gained mutation: Your body often deteriorates upon taking
                  | damage. [an orb of fire]
 72382 | Zot:5    | Noticed a Killer Klown
 72384 | Zot:5    | Killed an orb of fire
 72386 | Zot:5    | Killed a Killer Klown
 72387 | Zot:5    | Reached skill level 16 in Armour
 72387 | Zot:5    | Reached skill level 16 in Shields
 72586 | Zot:5    | Noticed a Killer Klown
 72594 | Zot:5    | Killed a Killer Klown
 72725 | Zot:5    | Noticed an orb of fire
 72730 | Zot:5    | Gained mutation: You are dopey. (Int -2) [an orb of fire]
 72731 | Zot:5    | Killed an orb of fire
 73533 | Zot:5    | Got the Orb of Zot
 73559 | Zot:5    | Noticed Alothik the pandemonium lord
 73689 | Zot:1    | Noticed a dread lich
 73972 | D:10     | Noticed a seraph
 74156 | D:$      | Escaped with the Orb!

Illustrated notes

Levels and vault maps discovered:
D:1:      dpeg_arrival_subterranean_lakeside_camping, layout_basic
D:2:      layout_rooms, basic_altar
D:3:      layout_basic, mainiacjoe_overflow_surrounded_room, led_sif_pool,
          uniq_grinder
D:4:      layout_basic, mainiacjoe_overflow_24_doors, kennysheep_mini_moat,
          tgw_xom, minmay_temple_entry_grid, minmay_a_box_with_orc_wizards_in_it
D:5:      cheibrodos_thug_alley, layout_rooms,
          gammafunk_temple_overflow_elements, nicolae_ossuary_entry_giza
D:6:      layout_loops_ring, uniq_pikel, uniq_sigmund
D:7:      layout_cave_pools, nicolae_uskayaw_dance_studio
D:8:      layout_basic, minmay_shattered_shrine
D:9:      layout_long_grid, david_lair_shrubbed, minmay_orc_entry_temple_small,
          gammafunk_ghost_necromancy, minmay_increasing_density, uniq_maggie,
          uniq_amaemon
D:10:     layout_grid_maze, enter_bailey_2, serial_shops, shop,
          ebering_ghost_inner_flame, uniq_harold, uniq_sonja, uniq_nergalle
D:11:     layout_basic
D:12:     layout_small_grid, nicolae_ashenzari_panopticon
D:13:     layout_long_grid, serial_shops, shop, portal_ice_cave_entry_pillars_1,
          gammafunk_ghost_mausoleum, nemelex_diamond_rough_becter
D:14:     layout_loops_cross, skrybe_vaults_entry_preservation,
          minmay_misc_feat_tower, uniq_rupert, uniq_josephine
D:15:     hangedman_depths_entry_civil_slaughter, layout_irregular_city,
          hangedman_decor_lopped, serial_shops, shop, uniq_roxanne
Temple:   nicolae_temple_superstar
Lair:1:   layout_cave_pods, infiniplex_staircase_pool
Lair:2:   layout_regular_city, minmay_shoals_entry_beasts, spider_nest_entry_a,
          beast_lair_carwin_7
Lair:3:   layout_roguey
Lair:4:   layout_loops_ring, slime_entry_2, ebering_ghost_reflecting_pool,
          uniq_snorg
Lair:5:   hangedman_lair_in_review, layout_loops_ring, guppyfry_lair_end_dragon,
          ebering_ghost_xom
Shoals:1: layout_shoals, serial_shops, nicolae_shop_behind_doors
Shoals:2: layout_shoals, nicolae_shoals_cliffside_cave, st_sunken_temple,
          uniq_polyphemus
Shoals:3: layout_shoals
Shoals:4: shoals_end_hellmonk_lost_city, serial_shops, uniq_donald
Spider:1: layout_cave_pods
Spider:2: layout_spider_delve, uniq_azrael
Spider:3: layout_spider_delve, hangedman_spider_tarantella_strand
Spider:4: spider_rune_water, uniq_agnes
Slime:1:  layout_caves
Orc:1:    emtedronai_trogs_sanctum, layout_caves, basic_altar
Orc:2:    st_orc_open, layout_caves
Elf:1:    eino_elf_arrival_shootout, layout_gridlike, serial_shops, shop,
          special_room [special_room_orc], serial_glass, glass_columns_c,
          glass_columns_a, evilmike_minifort, serial_sigils_hangedman_leer
Elf:2:    nicolae_elf_blades_splatter_lattice
          [nicolae_blade_entry_splitting_headache], layout_geoelf_octagon,
          serial_shops, nicolae_shop_advertising_works
          [nicolae_subvault_shop_adworks], gammafunk_ghost_ooze,
          minmay_misc_feat_rows
Elf:3:    nooodl_elf_gasket, layout_geoelf_octagon, basic_altar
Vaults:1: grunt_vaults_bifocal, nicolae_vaults_angled_halls,
          dpeg_vaults_monster_row, nicolae_vaults_angled_halls,
          nicolae_vaults_windows_and_doors_thing, grunt_vaults_hallway_long,
          v_misc_10, layout_vaults_big_room, serial_shops,
          nicolae_shop_overgrown_old_shop
Vaults:2: vaults_room_hangedman_quadrants, hangedman_vaults_cutoff,
          vaults_room_pool, nicolae_vaults_ninety_degrees,
          nicolae_vaults_big_angled_halls, minmay_crypt_entry_simple_box,
          v_misc_1, hangedman_vaults_pinch, v_rooms_3,
          nicolae_vaults_ring_of_whatevers, hangedman_vaults_slice,
          v_alt_pattern_1, grunt_vaults_diagonal, vaults_dpeg_emergency_exit,
          nicolae_vaults_specimen_jars, layout_vaults_ring
Vaults:3: v_pattern_2, v_misc_32, nicolae_vaults_network_barrier,
          v_alt_pattern_2, v_misc_18, vaults_room_pools,
          nicolae_vaults_little_squares_1, grunt_vaults_trifunnel,
          ontoclasm_vaults_decontamination, layout_vaults_omnicross,
          serial_shops, nicolae_square_shop
Vaults:4: ebering_ghost_gozag, nicolae_vaults_little_squares_3, door_vault,
          vaults_mumra_minichess_inversion, v_misc_28, dpeg_vaults_monster_box,
          nicolae_vaults_little_squares_3, nicolae_vaults_border_crossing,
          nicolae_vaults_sealed_display, vaults_dpeg_ring,
          layout_vaults_quadrants
Depths:1: evilmike_pillar_path, layout_basic, hangedman_abyss_entry_splay,
          pf_hell_entry_great_geh, serial_sigils_hangedman_snap,
          chequers_serial_rivers_large_a, fiery_altar_vehumet
Depths:2: kennysheep_snake, layout_cave_pools, pan_entry, hell_entry,
          minmay_strange_pillars, minmay_orc_keep
Depths:3: minmay_triangles_in_corner, layout_cave_pools, enter_ziggurat_f,
          minivault_14, minmay_room_of_horrors, grunt_pan_entry_sceptre,
          serial_shops, nicolae_shop_hallway_stairs, kennysheep_little_box,
          shop, pf_coc_iceberg, uniq_vv, uniq_margery
Depths:4: evilmike_zot_entry_round, layout_gridlike, grunt_dithmenos_smoke,
          grunt_hell_entry_dis_grunt, mu_enter_wizlab_3, minmay_shop_grove
Zot:1:    gammafunk_sealed_library, layout_onion_interference
Zot:2:    layout_gridlike, ebering_ghost_reflecting_pool, hangedman_zot_spectrum
Zot:3:    layout_gridlike
Zot:4:    lemuel_acid_trip, layout_onion, uniq_parghit
Zot:5:    layout_basic, uniq_tiamat

Skill      XL: |  1  2  3  4  5  6  7  8  9 10 11 12 13 14 15 16 17 18 19 20 21 22 23 24 25 26 27 |
---------------+----------------------------------------------------------------------------------+-----
Stealth        | 1 2 4 5 6 |  6.0
Spellcasting   | 3 4 5 6 7 8 9 10 11 13 14 15 17 18 19 20 | 20.0
Fighting       | 4 5 7 10 11 13 14 15 16 18 20 | 20.0
Dodging        | 5 8 12 16 18 | 18.0
Armour         | 4 7 8 11 14 16 | 16.9
Shields        | 4 9 10 11 13 14 16 | 16.9
Maces & Flails | 5 9 12 | 12.0
Evocations     | 4 7 9 10 | 10.0
Invocations    | 5 8 12 14 | 14.0
Long Blades    | |  2.6

Action                   |  1- 3 |  4- 6 |  7- 9 | 10-12 | 13-15 | 16-18 | 19-21 | 22-24 | 25-27 || total
-------------------------+-------+-------+-------+-------+-------+-------+-------+-------+-------++-------
Melee: Falchion          |    25 |       |       |       |       |       |       |       |       ||    25
       Whip              |    35 |       |     5 |    21 |       |       |       |       |       ||    61
       Punch             |     1 |       |       |       |       |       |       |       |       ||     1
       Unarmed           |       |    14 |       |       |       |       |       |       |       ||    14
       Halberd           |       |       |       |    12 |       |       |       |       |       ||    12
       Demon whip        |       |       |       |    41 |   831 |   802 |   255 |     9 |       ||  1938
       Mace              |       |       |       |       |       |       |     1 |       |       ||     1
 Fire: Sling             |     1 |       |       |       |       |       |       |       |       ||     1
Throw: Dart              |       |       |       |       |       |     3 |       |       |       ||     3
 Cast: Foxfire           |    36 |    87 |   293 |   470 |   151 |   206 |       |       |       ||  1243
       Momentum Strike   |     2 |     5 |    28 |    30 |     5 |       |       |       |       ||    70
       Hailstorm         |       |       |     6 |    93 |    86 |    77 |     6 |     5 |       ||   273
       Kiss of Death     |       |       |       |     1 |       |       |       |       |       ||     1
       Blink             |       |       |       |     8 |    18 |     5 |     9 |     4 |     2 ||    46
       Fireball          |       |       |       |       |    41 |    73 |   116 |     6 |       ||   236
       Iron Shot         |       |       |       |       |     6 |    86 |   188 |   281 |   462 ||  1023
       Summon Hydra      |       |       |       |       |       |     1 |       |    20 |     5 ||    26
       Ozocubu's Refrige |       |       |       |       |       |       |   195 |   113 |       ||   308
       Spellforged Servi |       |       |       |       |       |       |    12 |    39 |    87 ||   138
       Ignition          |       |       |       |       |       |       |       |    39 |    81 ||   120
Evoke: Wand              |       |       |       |       |     2 |       |     3 |       |     7 ||    12
       Tin of tremorston |       |       |       |       |       |     2 |     2 |     2 |       ||     6
       Condenser vane    |       |       |       |       |       |       |     1 |     1 |       ||     2
  Use: Scroll            |     4 |     6 |     5 |    19 |    12 |     4 |     9 |     6 |    23 ||    88
       Potion            |       |     1 |       |     1 |     2 |     5 |     8 |     1 |     3 ||    21
 Stab: Sleeping          |       |       |       |       |    15 |     3 |     1 |       |       ||    19
       Distracted        |       |       |       |       |    14 |    14 |     6 |       |       ||    34
Armor: Leather armour    |    22 |    10 |    37 |    45 |       |       |       |       |       ||   114
       Skin              |       |     8 |       |       |       |       |       |       |       ||     8
       Swamp dragon scal |       |       |       |    33 |    41 |       |       |       |       ||    74
       Troll leather arm |       |       |       |       |   127 |   108 |    37 |       |       ||   272
       Ring mail         |       |       |       |       |       |       |    13 |    22 |       ||    35
       Ice dragon scales |       |       |       |       |       |       |       |     2 |    32 ||    34
Dodge: Dodged            |    44 |    12 |    48 |    87 |   383 |   300 |   123 |    78 |    52 ||  1127
Block: Kite shield       |       |       |       |   175 |   551 |   544 |   228 |   139 |    73 ||  1710

Table legend: (Time is in decaauts)
 A = Elapsed time spent in this place.
 B = Non-inter-level travel time spent in this place.
 C = Inter-level travel time spent in this place.
 D = Time resting spent in this place.
 E = Time spent auto-exploring this place.
 F = Levels seen in this place.
 G = Mean time per level.
                   A        B        C        D        E       F      G
               +--------+--------+--------+--------+--------+-----+--------+
         Total |  73573 |  68577 |   4996 |  23015 |  32407 |  53 | 1388.2 |
       Dungeon |  17910 |  16190 |   1720 |   2680 |  10236 |  15 | 1194.0 |
        Temple |    150 |     90 |     60 |      0 |     17 |   1 |  150.0 |
          Lair |   7038 |   6456 |    582 |    895 |   4274 |   5 | 1407.6 |
        Shoals |   7066 |   6854 |    212 |   3368 |   2361 |   4 | 1766.5 |
   Spider Nest |   5638 |   5317 |    321 |   2351 |   1707 |   4 | 1409.5 |
    Slime Pits |      1 |      1 |      0 |      0 |      0 |   1 |    1.0 |
  Orcish Mines |   1345 |   1114 |    231 |    127 |    677 |   2 |  672.5 |
   Elven Halls |   7961 |   7742 |    219 |   4854 |   1952 |   3 | 2653.7 |
        Vaults |   5587 |   5300 |    287 |     72 |   4385 |   4 | 1396.8 |
        Depths |   8291 |   7082 |   1209 |   1857 |   3870 |   4 | 2072.8 |
           Zot |   9803 |   9652 |    151 |   6111 |   2173 |   5 | 1960.6 |
         Abyss |    626 |    626 |      0 |     81 |      0 |   2 |  313.0 |
       Ossuary |    942 |    942 |      0 |    343 |    372 |   1 |  942.0 |
        Bailey |    699 |    699 |      0 |    130 |    318 |   1 |  699.0 |
        Wizlab |    510 |    510 |      0 |    145 |     65 |   1 |  510.0 |
               +--------+--------+--------+--------+--------+-----+--------+

Top non-repeatable levels by time:
   Zot:5: 6143 daAuts
   Elf:3: 5129 daAuts
Shoals:4: 3578 daAuts
     D:8: 2609 daAuts
Depths:2: 2517 daAuts
Depths:1: 2455 daAuts
Spider:4: 2168 daAuts
   Elf:1: 2021 daAuts
  Lair:5: 1842 daAuts
Depths:3: 1828 daAuts
    D:14: 1714 daAuts
   Zot:4: 1688 daAuts
     D:9: 1680 daAuts
Vaults:4: 1667 daAuts
  Lair:2: 1656 daAuts
